 Dungeon Crawl Stone Soup version 0.29-a0-492-g10b964d8d7 (webtiles) character file.

Game seed: 17962055065748364808

14 KateP the Skirmisher (level 2, 19/19 HPs)
             Began as a Gargoyle Fighter on May 27, 2022.
             Quit the game on level 1 of the Dungeon.
             The game lasted 00:00:53 (725 turns).

KateP the Skirmisher (Gargoyle Fighter)              Turns: 725, Time: 00:00:54

Health: 19/19      AC:  9    Str: 19    XL:     2   Next: 41%
Magic:  2/2        EV:  9    Int:  8    God:
Gold:   21         SH:  4    Dex:  9    Spells: 1/1 levels left

rFire   . . .      SeeInvis .   a - +0 flail
rCold   . . .      Faith    .   c - +0 buckler
rNeg    + . .      Spirit   .   b - +0 scale mail
rPois   ∞          Reflect  .   (no helmet)
rElec   +          Harm     .   (no cloak)
rCorr   .          Rampage  .   (no gloves)
Will    .....                   (no boots)
Stlth   ..........              (no amulet)
HPRegen 0.06/turn               (no ring)
MPRegen 0.08/turn               (no ring)

@: no status effects
A: sickness immunity, AC +2, negative energy resistance 1, electricity
resistance, torment resistance 1, petrification resistance
a: no special abilities


You were on level 1 of the Dungeon.
You visited 1 branch of the dungeon, and saw 1 of its levels.

You collected 21 gold pieces.

Inventory:

Hand Weapons
 a - a +0 flail (weapon)
Armour
 b - a +0 scale mail (worn)
 c - a +0 buckler (worn)
Potions
 d - a potion of might
 e - a potion of curing {unknown}
 f - a potion of flight {unknown}


   Skills:
 + Level 3.4 Fighting
 * Level 2.4 Maces & Flails
 + Level 3.4 Armour
 + Level 3.4 Shields


You had one spell level left.
You didn't know any spells.
Your spell library was empty.

Dungeon Overview and Level Annotations

Branches:
Dungeon (1/15)

Altars:


Innate Abilities, Weirdness & Mutations

You are immune to sickness and miasma.
Your stone body is resilient. (AC +2)
You are immune to poison.
You resist negative energy. (rN+)
You are resistant to electric shocks. (rElec)
You are resistant to unholy torment.
You are immune to petrification.


Message History

Found a glowing pink potion.
The goblin shouts!
You hear a shout!
A goblin is nearby!
You hit the goblin.
You kill the goblin!
A goblin comes into view. It is wielding a +0 club.
Things that are here:
a +0 dagger; a goblin corpse A goblin is nearby!
The goblin barely misses you.
You see here a glowing pink potion.
A goblin is nearby!
You barely miss the goblin. The goblin hits you but does no damage.
A goblin is nearby!
You hit the goblin.
You kill the goblin!
f - a glowing pink potion No target in view!
Found a stone staircase leading down.
Things that are here:
a +0 club; a goblin corpse No target in view!
Found a leather armour.
No target in view!
You see here a +0 leather armour.
Found a cloak.
No target in view!
You see here a +0 cloak.
A ball python comes into view.
The ball python hisses angrily.
A ball python is nearby!
A ball python is nearby!
You sock the ball python!
You kill the ball python!
No target in view!
No target in view!
Things that are here:
a +0 club; a goblin corpse You see here a +0 spear.
Are you sure you want to abandon this character and quit the game? (Confirm with "yes".)

.# #.# #.##..#.#.#P#.#.#..## .#
#.# #.##..#...#_#...#...# ## #.#
#.##..#.#.#.#.#.#...# ########.#
#.##...P...P..PP....# .........#
#.....#.#.#.#.#.#...#
################..#...#P#...#...#
#........)..#############..#
######.########.................#
.....)......# #.@.####.###..†...#
............# ##### #.# #...####
............# #.# ###.#
######)###### ######.#####.####
#>......... .................
#.......... ...........÷...
#.######### ###..######.... #.#
#............. #.# ######
#...#####.....


There were no monsters in sight!

Vanquished Creatures
  3 ball pythons (D:1)
  A bat (D:1)
  3 endoplasms (D:1)
  2 goblins (D:1)
  A hobgoblin (D:1)
  A rat (D:1)
11 creatures vanquished.

Vanquished Creatures (others)
  4 plants (D:1)
4 creatures vanquished.

Grand Total: 15 creatures vanquished

Notes
Turn   | Place    | Note
-------+----------+-------------------------------------------
     0 | D:1      | KateP the Gargoyle Fighter began the quest for the Orb.
     0 | D:1      | Reached XP level 1. HP: 14/14 MP: 1/1
   397 | D:1      | Reached XP level 2. HP: 19/19 MP: 2/2
   492 | D:1      | Found a faded altar of an unknown god.
   725 | D:1      | Quit the game

Illustrated notes

Levels and vault maps discovered:
D:1:      dpeg_arrival_fog, layout_basic,
          shapermc_ecumenical_altar_mp_urbaneastern, serial_shops, shop,
          chequers_serial_rivers_micro_b

Action                   || total
-------------------------++-------
Melee: Flail             ||    32
Armor: Scale mail        ||    18
Dodge: Dodged            ||    24
Block: Buckler           ||     6

Table legend: (Time is in decaauts)
 A = Elapsed time spent in this place.
 B = Non-inter-level travel time spent in this place.
 C = Inter-level travel time spent in this place.
 D = Time resting spent in this place.
 E = Time spent auto-exploring this place.
 F = Levels seen in this place.
 G = Mean time per level.
                   A        B        C        D        E       F      G
               +--------+--------+--------+--------+--------+-----+--------+
         Total |    735 |    735 |      0 |      0 |    583 |   1 |  735.0 |
       Dungeon |    735 |    735 |      0 |      0 |    583 |   1 |  735.0 |
               +--------+--------+--------+--------+--------+-----+--------+

Top non-repeatable levels by time:
     D:1: 735 daAuts
